Map: [ESL] Data-C

Players

Harstem

  • Race: Protoss Protoss
  • Spawn Location: 9:00

Lambo - Winner!

  • Race: Zerg Zerg
  • Spawn Location: 3:00

Event: DreamHack SC2 Masters 2022 Atlanta (Offline)

VOD

Have the link to the VOD?

Description

Time

  • Played on: Nov. 18, 2022, 8:33 p.m.
  • Length: 6:52

All games in this series

Show
View Real Time Build Order
Export as new Build Order

Harstem Protoss 

Build Orders: 1 Gate Expand, Oracle Opening, Zealot Archon 

Get SALT Encoding   

  12  0:00  Probe  
  13  0:12  Probe  
  14  0:18  Pylon  
  14  0:24  Probe (Chrono Boost)  
  15  0:36  Probe (Chrono Boost)  
  15  0:38  Gateway  
  16  0:45  Probe (Chrono Boost)  
  16  0:47  Assimilator  
  17  0:50  Probe  
  18  1:03  Probe  
  19  1:15  Probe  
  20  1:25  Nexus  
  20  1:36  Cybernetics Core  
  20  1:38  Probe  
  21  1:44  Assimilator  
  21  1:50  Probe  
  22  1:56  Pylon  
  22  2:02  Probe  
  23  2:12  Adept (Chrono Boost)  
  23  2:14  Probe  
  26  2:17  Stargate  
  26  2:26  Probe  
  26  2:27  Warp Gate  
  27  2:35  Adept  
  27  2:37  Probe (Chrono Boost)  
  30  2:39  Probe (Chrono Boost)  
  31  2:47  Probe (Chrono Boost)  
  31  2:48  Probe (Chrono Boost)  
  33  2:52  Probe (Chrono Boost)  
  33  2:53  Probe (Chrono Boost)  
  35  3:03  Probe  
  40  3:07  Probe, Void Ray (Chrono Boost)  
  41  3:15  Probe  
  41  3:17  Pylon  
  41  3:19  Probe  
  43  3:27  Probe  
  43  3:31  Probe  
  45  3:34  Oracle (Chrono Boost)  
  45  3:37  Pylon  
  45  3:39  Probe  
  49  3:45  Probe  
  50  3:49  Nexus  
  50  3:51  Probe  
  50  3:55  Pylon  
  51  3:58  Probe  
  52  4:03  Probe  
  52  4:05  Oracle  
  56  4:10  Assimilator  
  56  4:11  Probe  
  56  4:14  Assimilator  
  56  4:16  Probe  
  58  4:27  Probe (Chrono Boost)  
  58  4:29  Probe (Chrono Boost)  
  60  4:35  Forge  
  60  4:36  Adept  
  60  4:37  Twilight Council  
  60  4:38  Shield Battery  
  63  4:39  Pylon  
  63  4:40  Probe (Chrono Boost)  
  63  4:42  Probe (Chrono Boost)  
  63  4:45  Probe (Chrono Boost)  
  64  4:49  Probe  
  66  4:55  Robotics Facility, Probe  
  66  4:57  Gateway  
  67  5:02  Probe (Chrono Boost)  
  68  5:07  Probe x2 (Chrono Boost)  
  68  5:12  Sentry  
  73  5:19  Probe x3 (Chrono Boost)  
  75  5:23  Probe x2 (Chrono Boost)  
  75  5:25  Gateway, Probe (Chrono Boost)  
  75  5:26  Gateway  
  78  5:28  Gateway  
  78  5:29  Templar Archives  
  78  5:33  Assimilator  
  78  5:34  Probe (Chrono Boost)  
  80  5:36  Probe (Chrono Boost)  
  80  5:38  Assimilator  
  80  5:42  Probe (Chrono Boost)  
  81  5:44  Pylon  
  81  5:46  Probe (Chrono Boost)  
  84  5:50  Probe (Chrono Boost)  
  84  5:51  Probe (Chrono Boost)  
  84  5:52  Probe (Chrono Boost)  
  85  5:58  Probe  
  85  6:00  Zealot, Probe  
  85  6:01  Zealot  
  85  6:02  Probe  
  85  6:03  Pylon  
  92  6:09  Observer (Chrono Boost)  
  92  6:11  Probe  
  94  6:13  Nexus  
  94  6:14  Pylon  
  94  6:17  Pylon  
  95  6:19  Pylon  
  95  6:22  Immortal (Chrono Boost)  
  95  6:24  Robotics Bay  
  99  6:28  Gateway  
  99  6:29  Gateway, High Templar x2  
  102  6:36  Archon  
  102  6:37  Zealot x3  
Show
View Real Time Build Order
Export as new Build Order

Lambo Zerg - Winner!

Build Orders: Hatch First 

Get SALT Encoding   

  12  0:00  Drone  
  13  0:12  Overlord  
  13  0:16  Drone  
  14  0:30  Drone x2  
  16  0:48  Hatchery  
  15  0:51  Drone  
  15  0:55  Drone  
  17  0:58  Drone  
  18  1:09  Extractor  
  17  1:13  Spawning Pool  
  17  1:18  Drone  
  17  1:20  Drone  
  18  1:28  Drone  
  19  1:38  Drone  
  20  1:50  Drone  
  21  2:00  Queen x2  
  26  2:01  Overlord, Zergling x2  
  26  2:11  Drone x2  
  26  2:12  Metabolic Boost  
  28  2:21  Drone  
  30  2:22  Drone  
  30  2:34  Hatchery  
  30  2:36  Drone  
  30  2:40  Drone  
  30  2:43  Drone  
  32  2:45  Overlord  
  32  2:53  Queen  
  32  2:55  Zergling x2  
  35  2:59  Drone  
  37  3:05  Queen, Zergling x2  
  37  3:09  Overlord  
  39  3:13  Drone x2  
  39  3:14  Drone  
  39  3:16  Drone  
  43  3:24  Drone  
  44  3:28  Queen, Drone  
  44  3:29  Overlord  
  47  3:39  Overlord  
  47  3:49  Queen, Drone x5  
  47  3:51  Drone  
  55  3:58  Drone x2, Spore Crawler  
  56  4:05  Spore Crawler  
  56  4:08  Zergling x6  
  56  4:09  Drone x2  
  60  4:14  Drone  
  60  4:15  Drone  
  60  4:16  Overlord  
  62  4:17  Drone x2  
  62  4:21  Drone  
  62  4:23  Overlord  
  64  4:27  Spore Crawler  
  64  4:28  Spore Crawler x2  
  62  4:33  Drone x4  
  62  4:36  Drone x2  
  62  4:38  Roach Warren  
  68  4:39  Lair  
  68  4:43  Drone x2  
  70  4:46  Queen  
  70  4:49  Drone x3  
  70  4:52  Extractor  
  74  4:53  Extractor  
  74  4:54  Overlord  
  74  4:55  Extractor, Drone  
  74  4:58  Spore Crawler  
  72  5:04  Spore Crawler  
  70  5:09  Drone x8  
  70  5:11  Pneumatized Carapace  
  70  5:13  Overlord  
  79  5:18  Spore Crawler  
  75  5:24  Overlord  
  75  5:26  Overlord  
  75  5:28  Overlord  
  76  5:30  Overlord  
  76  5:32  Roach x3  
  82  5:39  Roach x4  
  89  5:44  Roach x2  
  93  5:52  Roach x4  
  100  5:59  Zergling x10  
  105  6:04  Zergling x2  
  105  6:05  Zergling x2  
  105  6:09  Overlord  
  105  6:10  Ravager x2  
  105  6:11  Overlord, Ravager, Zergling x4  
  110  6:12  Queen  
  110  6:14  Zergling x2  
  110  6:15  Zergling x2  
  116  6:19  Zergling x6  
  116  6:20  Ravager  
  116  6:23  Zergling x2  
  116  6:24  Ravager  
  122  6:28  Overlord  
  122  6:35  Zergling x14  
Tags
 
Add a new tag
Caveats
  • Supply blocks, unpowered buildings, or Contaminate may cause inaccurate times.
  • Supply counts are checked every 10 seconds.